AoeStats
← frizboum

Oasis

509130390Analyzed
3v3 RM · 22d ago on Sep 25, 2026· 75m 54s· 6 players
Game mode
Random Map
Map size
Normal (6 player)
Population
200
Speed
Normal
Resources
Standard
Victory
Conquest
Starting age
Dark Age
Ending age
Imperial Age
RankedLock teamsTeams togetherTeam positionsShared explorationLock speedFull tech treeHidden civsTurbo modeCheats
Victory
Defeat
🇹🇼 Britons · Taiwan
905
+15
🇫🇷 Vietnamese · France
901
+15
🇨🇱 Ethiopians · Chile
861
+16
vs
🇨🇴 Lithuanians · Colombia
893
-16
🇫🇷 Mongols · France
878
-15
🇺🇸 Danes · United States
856
-15
ltsmasher
0:38 Loom
13:57 Feudal Age
14:21 Horse Collar
14:28 Double-Bit Axe
14:58 Gold Mining
18:54 Wheelbarrow
21:32 Castle Age
19:18 Man-at-Arms
22:50 Bow Saw
22:49 Caravan
22:23 Long Swordsman
26:16 Heavy Plow
26:22 Gambesons
32:22 Forging
32:02 Fletching
35:00 Hand Cart
37:26 Imperial Age
36:05 Arson
36:41 Squires
38:35 Conscription
37:46 Elite Varangian Guard
38:11 Two-Handed Swordsman
42:07 Hoardings
41:53 Heavy Scorpion
45:30 Bloodlines
48:22 Iron Casting
47:43 Bodkin Arrow
48:33 Champion
49:16 Capped Ram
54:55 Bracer
70:04 Light Cavalry
72:16 Elite Skirmisher
WololoJedi
9:58 Feudal Age
11:22 Wheelbarrow
10:31 Horse Collar
10:39 Double-Bit Axe
13:55 Gold Mining
16:44 Fletching
17:33 Loom
18:12 Forging
18:10 Scale Barding Armor
20:48 Castle Age
18:42 Stone Mining
18:42 Man-at-Arms
19:07 Arson
21:18 Bloodlines
21:04 Light Cavalry
21:46 Husbandry
23:32 Stone Shaft Mining
29:12 Iron Casting
29:24 Hand Cart
28:56 Town Watch
30:20 Chain Barding Armor
36:18 Imperial Age
35:18 Bow Saw
36:27 Caravan
36:50 Bodkin Arrow
36:56 Scale Mail Armor
36:47 Winged Hussar
37:49 Cavalier
39:26 Conscription
40:29 Elite Skirmisher
40:30 Crossbowman
41:16 Thumb Ring
42:21 Plate Barding Armor
41:50 Heavy Plow
43:37 Bracer
48:13 Paladin
52:14 Pikeman
52:55 Squires
52:15 Long Swordsman
60:18 Onager
60:19 Capped Ram
63:20 Two-Handed Swordsman
68:36 Halberdier
frizboum
0:52 Loom
9:58 Feudal Age
10:58 Double-Bit Axe
13:23 Stone Mining
14:13 Wheelbarrow
14:11 Horse Collar
21:36 Castle Age
20:20 Scale Barding Armor
20:57 Forging
21:10 Fletching
23:07 Iron Casting
22:59 Chain Barding Armor
22:51 Husbandry
28:03 Hand Cart
27:51 Heavy Plow
27:54 Scale Mail Armor
34:16 Imperial Age
34:00 Padded Archer Armor
33:36 Elite Skirmisher
35:11 Murder Holes
35:14 Capped Ram
37:10 Ballistics
37:38 Thumb Ring
39:35 Bow Saw
42:06 Blast Furnace
41:21 Chain Mail Armor
41:02 Bodkin Arrow
40:36 Cavalier
41:28 Bloodlines
42:41 Leather Archer Armor
42:25 Bodkin Arrow
44:04 Chemistry
43:18 Fortified Wall
46:16 Guard Tower
46:30 Bracer
48:32 Siege Ram
51:05 Pikeman
52:20 Squires
52:06 Arson
56:12 Conscription
59:30 Drill
61:00 Masonry
BillyBat
11:50 Feudal Age
13:06 Wheelbarrow
17:55 Castle Age
16:07 Horse Collar
16:43 Double-Bit Axe
16:52 Stone Mining
19:32 Hand Cart
19:42 Bow Saw
19:34 Heavy Plow
20:16 Gold Mining
23:18 Stone Shaft Mining
27:43 Ballistics
30:32 Imperial Age
27:59 Fletching
28:49 Bodkin Arrow
28:54 Padded Archer Armor
30:38 Leather Archer Armor
31:22 Bracer
32:35 Two-Man Saw
33:21 Murder Holes
33:16 Heated Shot
34:21 Ring Archer Armor
34:23 Crop Rotation
33:27 Man-at-Arms
34:54 Long Swordsman
35:33 Elite Rattan Archer
35:48 Two-Handed Swordsman
36:57 Champion
38:15 Forging
38:05 Scale Mail Armor
38:11 Scale Barding Armor
39:47 Chatras
40:08 Paper Money
39:51 Caravan
41:09 Iron Casting
41:24 Light Cavalry
42:15 Bloodlines
42:05 Husbandry
44:54 Squires
44:39 Arson
48:19 Chain Mail Armor
48:25 Chain Barding Armor
51:44 Onager
53:09 Plate Mail Armor
53:15 Plate Barding Armor
53:30 Pikeman
54:58 Halberdier
65:31 Capped Ram
71:01 Masonry
70:32 Treadmill Crane
71:52 Chemistry
70:38 Arrowslits
70:43 Guard Tower
71:04 Fortified Wall
71:00 Siege Engineers
71:05 Careening
71:06 Clinker Construction
75:14 Bombard Tower
75:30 Keep
75:00 Atonement
Necropulpectomía
0:28 Loom
7:17 Loom
11:34 Feudal Age
13:03 Double-Bit Axe
13:00 Horse Collar
16:40 Wheelbarrow
19:35 Fletching
23:11 Castle Age
22:35 Gold Mining
24:41 Hand Cart
23:53 Crossbowman
24:41 Thumb Ring
24:36 Bodkin Arrow
24:42 Padded Archer Armor
25:16 Bow Saw
25:13 Heavy Plow
29:13 Ballistics
32:33 Imperial Age
32:38 Leather Archer Armor
34:36 Chemistry
33:40 Bracer
33:28 Arbalester
36:14 Gold Shaft Mining
35:32 Stone Mining
36:15 Ring Archer Armor
47:05 Caravan
48:35 Murder Holes
56:09 Two-Man Saw
61:44 Torsion Engines
62:05 Conscription
67:30 Coinage
67:12 Guilds
kumkum118
7:23 Loom
13:12 Feudal Age
16:57 Scale Mail Armor
17:04 Scale Barding Armor
17:05 Double-Bit Axe
19:22 Castle Age
24:40 Wheelbarrow
23:51 Town Watch
23:59 Horse Collar
25:41 Pikeman
25:44 Man-at-Arms
29:54 Sanctity
29:45 Fervor
33:38 Herbal Medicine
34:47 Heavy Plow
38:23 Bow Saw
40:46 Imperial Age
38:34 Hand Cart
38:49 Long Swordsman
39:14 Gambesons
39:30 Squires
39:15 Arson
38:52 Light Cavalry
39:32 Husbandry
39:49 Chain Mail Armor
39:45 Forging
39:55 Chain Barding Armor
39:50 Caravan
39:54 Padded Archer Armor
40:09 Fletching
40:55 Gold Mining
40:56 Stone Mining
41:09 Two-Handed Swordsman
41:26 Capped Ram
43:33 Iron Casting
43:28 Plate Mail Armor
43:34 Champion
43:40 Cavalier
44:48 Halberdier
46:27 Gold Shaft Mining
46:56 Blast Furnace
45:52 Bodkin Arrow
46:12 Leather Archer Armor
46:33 Plate Barding Armor
46:20 Town Patrol
48:14 Bracer
48:57 Illumination
48:48 Block Printing
49:09 Theocracy
50:38 Conscription
49:48 Sappers
54:36 Ring Archer Armor
53:48 Onager
56:14 Two-Man Saw
56:14 Heavy Scorpion
57:00 Heavy Scorpion
60:30 Elite Longbowman
61:45 Hoardings
61:31 Yeomen
62:47 Elite Skirmisher
64:38 Imperial Skirmisher
64:40 Crossbowman
64:41 Cranequins
64:43 Heavy Mounted Crossbowman
66:55 Yeomen
66:35 Warwolf
71:56 Chemistry
71:07 Fortified Wall
70:52 Murder Holes
71:08 Careening
71:08 Clinker Construction
71:21 Arbalester
72:24 Ballistics
71:54 Heated Shot
71:45 Treadmill Crane
72:15 Masonry
71:56 Guard Tower
71:52 Arrowslits
75:14 Architecture
74:50 Siege Engineers
75:05 Dry Dock
75:06 Carvel Hull
74:39 Heated Shot
75:24 Keep
74:35 Arrowslits
Connection lost

Rejoining the realm…

Still unreachable

The connection could not be restored.

Session expired

The server has moved on; the page needs a fresh start.